 Dungeon Crawl Stone Soup version 0.25-a0-292-gaa31f046c4 (webtiles) character file.

Game seed: 9302430444124721790, levelgen mode: deterministic

772 CheeseeCupcake the Basher (level 7, -4/41 HPs)
             Began as a Gargoyle Fighter on Dec 15, 2019.
             Was a Follower of Okawaru.
             Slain by an ogre
             ... wielding a +0 giant club
              (8 damage)
             ... on level 5 of the Dungeon.
             The game lasted 00:18:37 (5883 turns).

CheeseeCupcake the Basher (Gargoyle Fighter)        Turns: 5883, Time: 00:18:38

Health: -4/41      AC: 12    Str: 21    XL:     7   Next: 83%
Magic:  7/7        EV:  7    Int:  9    God:    Okawaru [*.....]
Gold:   269        SH:  9    Dex:  9    Spells: 6/6 levels left

rFire    . . .     SeeInvis .   a - +0 flail
rCold    . . .     Gourm    .   c - +0 shield
rNeg     + . .     Faith    .   b - +0 scale mail
rPois    ∞         Spirit   .   (no helmet)
rElec    +         Reflect  .   y - +0 cloak
rCorr    .         Harm     .   (no gloves)
MR       .....                  (no boots)
Stlth    ..........             (no amulet)
HPRegen  0.13/turn              (no ring)
MPRegen  0.10/turn              (no ring)

@: no status effects
A: negative energy resistance 1, electricity resistance, unbreathing,
petrification resistance, rot immunity, AC +4
a: Heroism, Renounce Religion


You were on level 5 of the Dungeon.
You worshipped Okawaru.
Okawaru was aware of your devotion.
You were not hungry.

You visited 1 branch of the dungeon, and saw 5 of its levels.

You collected 269 gold pieces.

Inventory:

Hand Weapons
 a - a +0 flail (weapon)
Missiles
 j - 175 stones (quivered)
Armour
 b - a +0 scale mail (worn)
 c - a +0 shield (worn)
 p - a +0 ring mail of fire resistance
 y - a +0 cloak (worn)
Jewellery
 e - an uncursed amulet of guardian spirit {unknown}
 n - an uncursed amulet of rage {unknown}
 v - an uncursed ring of see invisible {unknown}
 x - an uncursed ring of resist corrosion
Scrolls
 l - 3 scrolls of identify {unknown}
 m - 3 scrolls of teleportation
 o - a scroll of immolation {unknown}
 q - 2 scrolls of noise {unknown}
 r - a scroll of blinking {unknown}
 u - a scroll of enchant weapon {unknown}
 w - a scroll of remove curse
Potions
 d - 2 potions of might
 g - a potion of flight {unknown}
 h - a potion of ambrosia {unknown}
 i - 2 potions of agility {unknown}
 k - 2 potions of haste {unknown}
 s - 2 potions of heal wounds {unknown}
 t - a potion of lignification {unknown}
 z - a potion of curing {unknown}
Comestibles
 f - 5 rations


   Skills:
 - Level 3.2 Fighting
 * Level 8.7 Maces & Flails
 - Level 3.2 Armour
 - Level 3.2 Shields


You had 6 spell levels left.
You didn't know any spells.
Your spell library was empty.

Dungeon Overview and Level Annotations

Branches:
Dungeon (5/15)
 Temple: D:4-7

Altars:
Cheibriados
Dithmenos
Kikubaaqudgha
Nemelex Xobeh
Okawaru
Ru
Uskayaw
Wu Jian
Yredelemnul
Zin
The Shining One

Annotations:
D:2 exclusion: downstairs


Innate Abilities, Weirdness & Mutations

You are resistant to torment.
Your stone body is resilient. (AC +4)
You are immune to poison.
You resist negative energy. (rN+)
You are resistant to electric shocks. (rElec)
You can survive without breathing.
You are immune to petrification.
You are immune to rotting.


Message History

No target in view!
You see here a ball python corpse.
Found a ring mail.
An ogre comes into view. It is wielding a +0 giant club.
The ogre shouts!
You block the ogre's attack.
You hit the ogre.
The ogre is lightly wounded.
The ogre hits you with a +0 giant club!
You thump the ogre!
The ogre is heavily wounded.
The ogre hits you with a +0 giant club!
You hit the ogre.
The ogre is severely wounded.
The ogre hits you with a +0 giant club!
* * * LOW HITPOINT WARNING * * *
Your shield and scale mail prevent you from hitting the ogre.
The ogre is severely wounded.
The ogre hits you with a +0 giant club!
You die...

#.. #....... #..
#....... #.. ##.......
####.. ........# #.....
........# #.....
..[.....# #.....
.......O# #.....
.......@# #.....
.?......# #.....
........# #.....
........###########.....
##+#....................
#....................
#....................
#....................
#....................


You could see an ogre.

Vanquished Creatures
  Sigmund (D:3)
  A sky beast (D:4)
  An ogre (D:3)
  A scorpion (D:4)
  A crimson imp (D:5)
  2 orc priests
  3 hounds
  An iguana (D:4)
  5 adders
  A river rat (D:3)
  An ooze (D:1)
  An adder skeleton (D:4)
  2 worms (D:2)
  3 dart slugs
  A leopard gecko (D:3)
  13 orcs
  6 giant cockroaches
  17 goblins
  11 hobgoblins
  5 jackals
  3 ball pythons
  10 bats
  2 frilled lizards
  A jackal zombie (D:5)
  2 kobolds
  6 rats
101 creatures vanquished.

Notes
Turn   | Place    | Note
-------+----------+-------------------------------------------
     0 | D:1      | CheeseeCupcake the Gargoyle Fighter began the quest for the
                  | Orb.
     0 | D:1      | Reached XP level 1. HP: 14/14 MP: 1/1
   125 | D:1      | Reached XP level 2. HP: 19/19 MP: 2/2
   280 | D:1      | Reached skill level 3 in Maces & Flails
   671 | D:2      | Reached XP level 3. HP: 23/23 MP: 3/3
   823 | D:2      | Found a sacrificial altar of Ru.
   824 | D:2      | Found an ornate altar of the Wu Jian Council.
   826 | D:2      | Found a hide-covered altar of Uskayaw.
   832 | D:2      | Found a basalt altar of Yredelemnul.
   833 | D:2      | Found a glowing golden altar of the Shining One.
   833 | D:2      | Found a sparkling altar of Nemelex Xobeh.
   833 | D:2      | Found a snail-covered altar of Cheibriados.
   833 | D:2      | Found a shadowy altar of Dithmenos.
   834 | D:2      | Found a glowing silver altar of Zin.
   836 | D:2      | Found an ancient bone altar of Kikubaaqudgha.
  1286 | D:2      | Reached skill level 4 in Maces & Flails
  1841 | D:3      | Reached XP level 4. HP: 28/28 MP: 4/4
  1941 | D:3      | Noticed Sigmund
  3119 | D:3      | Reached skill level 5 in Maces & Flails
  3127 | D:3      | Reached XP level 5. HP: 32/32 MP: 5/5
  3452 | D:4      | Noticed an ogre
  3453 | D:4      | Noticed an ogre
  3689 | D:3      | Killed an ogre
  3692 | D:3      | Reached skill level 6 in Maces & Flails
  3692 | D:3      | Reached XP level 6. HP: 15/37 MP: 6/6
  3928 | D:4      | Found an iron altar of Okawaru.
  3948 | D:4      | Became a worshipper of Warmaster Okawaru
  4030 | D:4      | Noticed a sky beast
  4085 | D:4      | Killed a sky beast
  4085 | D:4      | Reached skill level 7 in Maces & Flails
  4455 | D:4      | Reached XP level 7. HP: 36/41 MP: 7/7
  5184 | D:3      | Killed Sigmund
  5184 | D:3      | Reached skill level 8 in Maces & Flails
  5481 | D:5      | Entered Level 5 of the Dungeon
  5577 | D:5      | Reached * piety under Okawaru
  5883 | D:5      | Slain by an ogre

Levels and vault maps discovered:
D:1:      saegor_arrival_simple_e, layout_basic
D:2:      layout_loops_corners, minitemple, minmay_cupped
D:3:      layout_basic, portal_sewer_entry_b, uniq_sigmund
D:4:      kennysheep_goblin_castle, layout_rooms, okawaru_metal_pillars_1_2
D:5:      layout_gridville, first_ration

Skill      XL: |  1  2  3  4  5  6  7 |
---------------+----------------------+-----
Maces & Flails | 3 4 5 6 7 8 |  8.7
Fighting       | |  3.2
Armour         | |  3.2
Shields        | |  3.2

Action                   |  1- 3 |  4- 6 |  7- 9 || total
-------------------------+-------+-------+-------++-------
Melee: Flail             |   103 |   196 |   153 ||   452
Throw: Stone             |       |       |     6 ||     6
  Use: Scroll            |     3 |       |       ||     3
       Potion            |       |       |     1 ||     1
  Eat: Chunk             |     3 |     2 |       ||     5
       Ration            |       |     2 |     2 ||     4
Armor: Scale mail        |    10 |   155 |    90 ||   255
       Leather armour    |    25 |       |       ||    25
Dodge: Dodged            |    29 |    74 |    57 ||   160
Block: Shield            |    52 |   135 |    93 ||   280

Table legend:
 A = Non-vault XP
 B = Vault XP
 C = Vault XP percentage of total XP
 D = Non-vault monster count
 E = Vault monster count
 F = Vault count percentage of total count
                 A         B        C        D         E       F
            +---------+---------+-------+---------+---------+-------
      Total |     830 |     273 |  24.8 |      78 |      23 |  22.8
            +---------+---------+-------+---------+---------+-------
        D:1 |      31 |       0 |   0.0 |      15 |       0 |   0.0
        D:2 |      75 |      11 |  12.8 |      13 |       5 |  27.8
        D:3 |     257 |     241 |  48.4 |      33 |       7 |  17.5
        D:4 |     317 |      21 |   6.2 |       9 |      11 |  55.0
        D:5 |     150 |       0 |   0.0 |       8 |       0 |   0.0
            +---------+---------+-------+---------+---------+-------
